 Dungeon Crawl Stone Soup version 0.20-a0-492-g6327889 (webtiles) character file.

5708 Klosterheim the Cleaver (level 10, 0/123 HPs)
             Began as a Demonspawn Berserker on Jan 15, 2017.
             Was a High Priest of Trog.
             Slain by an orc warrior
             ... wielding a +0 trident
              (14 damage)
             ... on level 8 of the Dungeon.
             The game lasted 00:15:14 (6842 turns).

Klosterheim the Cleaver (Demonspawn Berserker)      Turns: 6842, Time: 00:15:16

Health: 0/123      AC: 13    Str: 25    XL:     10   Next: 48%
Magic:  10/10      EV:  8    Int:  9    God:    Trog [*****.]
Gold:   382        SH:  0    Dex: 13    Spells: 9/9 levels left

rFire    . . .     SeeInvis .   s - +0 war axe
rCold    + . .     Gourm    .   q - +1 plate armour
rNeg     . . .     Faith    .   (no shield)
rPois    .         Spirit   .   (helmet restricted)
rElec    .         Reflect  .   (no cloak)
rCorr    .         Harm     .   (no gloves)
MR       .....                  (no boots)
Stlth    ..........             (no amulet)
Regen    0.3/turn               (no ring)
                                (no ring)

@: berserking, starving, very quick
A: antennae 2, cold resistance 1, spiny 1, freezing cloud immunity
a: Berserk, Trog's Hand, Brothers in Arms, Burn Spellbooks, Renounce Religion


You were on level 8 of the Dungeon.
You worshipped Trog.
Trog was extremely pleased with you.
You were starving.

You visited 1 branch of the dungeon, and saw 8 of its levels.

You collected 382 gold pieces.

Inventory:

Hand Weapons
 s - a +0 war axe (weapon)
Armour
 q - a +1 plate armour (worn)
 r - a +0 pair of boots (quivered)
Wands
 a - a wand of digging (24/24)
 v - a wand of flame (41/48)
Scrolls
 b - 3 scrolls of teleportation
 e - a scroll of fear
 m - a scroll of blinking {unknown}
 n - 6 scrolls of remove curse
 t - a scroll of enchant armour
Potions
 f - a potion of magic {unknown}
 i - a potion of degeneration {unknown}
 j - a potion of invisibility {unknown}
 k - a potion of cure mutation {unknown}
 l - a potion of flight {unknown}
 o - a potion of resistance {unknown}
 p - a potion of haste {unknown}
 u - a potion of heal wounds {unknown}
 w - 5 potions of curing
Comestibles
 c - 7 bread rations
 d - 2 beef jerkies
 h - 4 meat rations
 z - a fruit


   Skills:
 + Level 8.7 Fighting
 * Level 11.0 Axes
 + Level 6.4 Armour
 - Level 1.7 Dodging


You had 9 spell levels left.
You didn't know any spells.

Dungeon Overview and Level Annotations

Branches:
Dungeon (8/15)             Temple (0/1) D:5
   Lair: D:8-11

Altars:
Ashenzari
Dithmenos
Xom


Innate Abilities, Weirdness & Mutations

You have a pair of antennae on your head.
Your flesh is cold resistant. (rC+)
You are partially covered in sharp spines.
You are immune to freezing clouds.


Message History

Your Axes skill increases to level 11!
You slash the yak!
The orc warrior hits you with a trident!
* * * LOW HITPOINT WARNING * * *
The yak gores you.
* * * LOW HITPOINT WARNING * * *
You see here a yak corpse.
You barely miss the orc warrior. You barely miss the yak.
The orc warrior hits you with a trident.
* * * LOW HITPOINT WARNING * * *
The yak is struck by your spines. The yak barely misses you.
Your plate armour prevents you from hitting the orc warrior.
You completely miss the yak.
Your plate armour prevents you from hitting the orc warrior.
You hit the yak. The yak is struck by your spines.
You kill the yak!
Trog accepts your kill.
The orc warrior is struck by your spines.
The orc warrior hits you with a trident!
You die...

#.#.... ........#
#.#.### .......(# #.#.#
.......%##########O#.###
........##..............
........##..........####
....................# #
.......)............# #
..(...o@..>.........# #
......)†##.........## #
........##.#############
##########.# #....
####.# #.... ##########
#....# #.... .........#
#....# ##... .........#
#....# #######..
.........#######.#
.........


You could see an orc warrior.

Vanquished Creatures
  A two-headed ogre (D:8)
  The ghost of Klosterheim the Carver, a novice DsFi of Nemelex Xobeh (D:7)
  A hippogriff (D:7)
  3 yaks (D:8)
  2 hungry ghosts
  2 water moccasins (D:7)
  2 ice beasts
  A black bear (D:6)
  3 phantoms
  An ogre (D:4)
  4 centaurs
  2 big kobolds (D:8)
  3 bullfrogs
  A gnoll sergeant (D:7)
  4 scorpions
  6 killer bees (D:8)
  3 howler monkeys
  3 crimson imps (D:6)
  A bullfrog zombie (D:6)
  5 hounds
  2 jellies (D:5)
  2 centaur zombies
  A bullfrog skeleton (D:5)
  2 centaur skeletons (D:6)
  2 orc priests
  9 worker ants
  Terence (D:3)
  5 iguanas
  4 orc wizards
  3 hound skeletons
  Robin (D:3)
  A worker ant zombie (D:7)
  4 gnolls (D:7)
  7 adders
  2 howler monkey skeletons
  An ooze (D:1)
  An adder skeleton (D:5)
  6 worms
  4 dart slugs (D:1)
  5 leopard geckos
  12 orcs
  8 giant cockroaches
  11 goblins
  10 hobgoblins
  7 jackals
  16 kobolds
  3 quokkas
  A ball python skeleton (D:4)
  6 bats
  5 frilled lizards
  A jackal skeleton (D:4)
  9 rats
201 creatures vanquished.

Vanquished Creatures (collateral kills)
  A two-headed ogre (D:8)
  A quasit (D:8)
  A worker ant (D:8)
3 creatures vanquished.

Vanquished Creatures (others)
  5 toadstools (D:1)
5 creatures vanquished.

Grand Total: 209 creatures vanquished

Notes
Turn   | Place    | Note
-------+----------+-------------------------------------------
     0 | D:1      | Klosterheim the Demonspawn Berserker began the quest for the Orb.
     0 | D:1      | Reached XP level 1. HP: 18/18 MP: 1/1
   128 | D:1      | Reached skill level 3 in Axes
   174 | D:1      | Gained mutation: Your flesh is cold resistant. (rC+) [demonic ancestry]
   174 | D:1      | Reached XP level 2. HP: 22/24 MP: 2/2
   469 | D:1      | Gained mutation: You are partially covered in sharp spines. [demonic ancestry]
   469 | D:1      | Reached XP level 3. HP: 25/29 MP: 3/3
   542 | D:1      | Reached ** piety under Trog
  1102 | D:2      | Reached skill level 4 in Axes
  1431 | D:2      | Found a shimmering altar of Xom.
  1577 | D:3      | Reached XP level 4. HP: 30/35 MP: 4/4
  1696 | D:3      | Found a faded altar of an unknown god.
  1712 | D:3      | Reached *** piety under Trog
  1714 | D:3      | Reached XP level 5. HP: 40/42 MP: 5/5
  2007 | D:3      | Noticed Terence
  2015 | D:3      | Killed Terence
  2015 | D:3      | Reached skill level 5 in Axes
  2058 | D:3      | Noticed Robin
  2064 | D:3      | Killed Robin
  2263 | D:4      | Noticed a phantom
  2289 | D:4      | Killed a phantom
  2289 | D:4      | Gained mutation: You are immune to freezing clouds. [demonic ancestry]
  2289 | D:4      | Reached XP level 6. HP: 32/48 MP: 6/6
  2681 | D:4      | Reached skill level 6 in Axes
  2748 | D:4      | Reached **** piety under Trog
  2820 | D:4      | Gained mutation: You have a pair of small antennae on your head. [demonic ancestry]
  2820 | D:4      | Reached XP level 7. HP: 48/55 MP: 7/7
  2881 | D:4      | Found a shadowy altar of Dithmenos.
  2940 | D:4      | Reached skill level 5 in Fighting
  3055 | D:5      | Entered Level 5 of the Dungeon
  3159 | D:5      | Reached skill level 7 in Axes
  3377 | D:5      | Got a bone spear
  3378 | D:5      | Identified the +6 spear of Cirghoj {pierce, -Tele Str+6 SInv} (You found it on level 5 of the Dungeon)
  3467 | D:5      | Found a staircase to the Ecumenical Temple.
  3800 | D:6      | Reached XP level 8. HP: 62/64 MP: 8/8
  4221 | D:6      | Reached skill level 8 in Axes
  4434 | D:6      | Found a shattered altar of Ashenzari.
  4992 | D:7      | Noticed Klosterheim's ghost (novice DsFi)
  5009 | D:7      | Killed Klosterheim's ghost
  5009 | D:7      | Reached skill level 9 in Axes
  5009 | D:7      | Reached XP level 9. HP: 72/72 MP: 9/9
  5658 | D:7      | Reached ***** piety under Trog
  5658 | D:7      | Reached skill level 5 in Armour
  5783 | D:7      | Reached skill level 10 in Axes
  6252 | D:8      | Noticed a two-headed ogre
  6258 | D:8      | Killed a two-headed ogre
  6258 | D:8      | Gained mutation: You have a pair of antennae on your head. [demonic ancestry]
  6258 | D:8      | Reached XP level 10. HP: 80/80 MP: 10/10
  6684 | D:8      | Noticed a two-headed ogre
  6692 | D:8      | Killed a two-headed ogre
  6838 | D:8      | Reached skill level 11 in Axes
  6842 | D:8      | Slain by an orc warrior

Vault maps used:
D:1:      ldierk_walled_garden, st_stairs_3
D:2:      tgw_xom
D:3:      chequers_ecumenical_altar_simple, small_statue_intersection,
          uniq_robin, uniq_terence
D:4:      first_bread, grunt_dithmenos_smoke
D:6:      cheibrodos_ashenzari_chains
D:8:      hangedman_ranch, uniq_erica

Skill      XL: |  1  2  3  4  5  6  7  8  9 10 |
---------------+-------------------------------+-----
Axes           | 3 4 5 6 7 9 10 11 | 11.0
Fighting       | 4 5 7 8 |  8.7
Armour         | 2 4 5 6 |  6.4
Dodging        | |  1.7

Action                   |  1- 3 |  4- 6 |  7- 9 | 10-12 || total
-------------------------+-------+-------+-------+-------++-------
Melee: Hand axe          |   106 |    35 |       |       ||   141
       War axe           |       |    83 |   245 |    56 ||   384
       Spear             |       |       |    11 |       ||    11
Invok: Berserk           |     1 |     4 |     3 |     2 ||    10
       Brothers in Arms  |       |       |     1 |       ||     1
  Use: Scroll            |       |       |    10 |       ||    10
       Potion            |       |       |     1 |       ||     1
  Eat: Chunk             |     3 |     8 |    16 |     2 ||    29
       Fruit             |       |       |     1 |       ||     1
Armor: Ring mail         |    26 |     1 |       |       ||    27
       Animal skin       |     2 |       |       |       ||     2
       Plate armour      |       |    64 |   169 |    43 ||   276
Dodge: Dodged            |    60 |    27 |    77 |    30 ||   194
